 Dungeon Crawl Stone Soup version 0.24-a0-580-g6a6c3f83c1 (webtiles) character file.

Game seed: 2839187566773728827

35 Gynju the Shooter (level 3, 0/30 HPs)
             Began as a Centaur Hunter on Aug 21, 2019.
             Succumbed to an adder's poison
             ... on level 1 of the Dungeon.
             The game lasted 00:01:11 (1544 turns).

Gynju the Shooter (Centaur Hunter)                  Turns: 1544, Time: 00:01:11

Health: 0/30       AC:  4    Str: 15    XL:     3   Next: 17%
Magic:  3/3        EV:  9    Int: 10    God:
Gold:   36         SH:  0    Dex:  9    Spells: 2/2 levels left

rFire    . . .     SeeInvis .   b - +0 short sword
rCold    . . .     Gourm    .   (no shield)
rNeg     . . .     Faith    .   c - +0 leather armour
rPois    .         Spirit   .   (no helmet)
rElec    .         Reflect  .   (no cloak)
rCorr    .         Harm     .   (no gloves)
MR       .....                  (no barding)
Stlth    +.........             (no amulet)
HPRegen  0.10/turn              (no ring)
MPRegen  0.08/turn              (no ring)

@: lethally poisoned (0 -> -5), very quick
A: large, hooves 3, deformed body, speed 2, tough skin 3
a: no special abilities


You were on level 1 of the Dungeon.
You were hungry.

You visited 1 branch of the dungeon, and saw 2 of its levels.

You collected 36 gold pieces.

Inventory:

Hand Weapons
 a - a +1 shortbow
 b - a +0 short sword (weapon)
Missiles
 d - 20 arrows
Armour
 c - a +0 leather armour (worn)
Scrolls
 g - a scroll of noise {unknown}
 h - a scroll of enchant armour {unknown}
 j - a scroll of teleportation {unknown}
Potions
 e - 2 potions of cancellation {unknown}
 i - a potion of lignification {unknown}
Comestibles
 f - a ration
 k - a chunk of flesh


   Skills:
 + Level 2.4 Fighting
 + Level 5.7 Bows
 + Level 1.8 Dodging
 + Level 1.0 Stealth


You had 2 spell levels left.
You didn't know any spells.
Your spell library was empty.

Dungeon Overview and Level Annotations

Branches:
Dungeon (2/15)

Altars:


Innate Abilities, Weirdness & Mutations

You have hooves in place of feet.
Armour fits poorly on your strangely shaped body.
You cover ground very quickly.
You have extremely tough skin. (AC +3)


Message History

The adder bites you but does no damage.
You hit the adder. Your kick misses the adder.
The adder is heavily wounded.
The adder barely misses you.
You closely miss the adder. Your kick misses the adder.
The adder is heavily wounded.
The adder closely misses you. The adder bites you.
* * * LOW HITPOINT WARNING * * *
You barely miss the adder. Your kick misses the adder.
The adder is heavily wounded.
The adder bites you but does no damage.
You barely miss the adder.
The adder is heavily wounded.
The adder bites you.
* * * LOW HITPOINT WARNING * * *
You are lethally poisoned!
The adder poisons you! The adder barely misses you.
You barely miss the adder. Your kick misses the adder.
The adder is heavily wounded.
You die...

###### #..... #.#### ####
##########.#... ...#
#..........#.## ##.#
###########..........#.#.
#.#
#.......@S'..........'...
#.#
#.........#..........#...
#.#
#.........#####..........
#.#
#.........#####..........
#.#
#.........+..............
#.#
#.........####...........
#.# ###.........#
#........... #.#
#.'.........#
#.......#### #.#
#.#.........# #.......#


You could see an adder.

Vanquished Creatures
  A dart slug (D:1)
  3 bats (D:1)
  A giant cockroach (D:1)
  6 goblins (D:1)
  2 hobgoblins (D:1)
  7 jackals (D:1)
  2 kobolds (D:1)
  3 frilled lizards (D:1)
  4 rats (D:1)
29 creatures vanquished.

Notes
Turn   | Place    | Note
-------+----------+-------------------------------------------
     0 | D:1      | Gynju the Centaur Hunter began the quest for the Orb.
     0 | D:1      | Reached XP level 1. HP: 17/17 MP: 1/1
   114 | D:1      | Reached XP level 2. HP: 8/24 MP: 2/2
   799 | D:1      | Reached skill level 1 in Stealth
   875 | D:1      | Reached XP level 3. HP: 26/30 MP: 3/3
  1543 | D:1      | HP: 1/30 [adder (4)]
  1544 | D:1      | Succumbed to an adder's poison

Levels and vault maps discovered:
D:1:      minmay_arrival_four_houses, layout_basic
D:2:      layout_loops_cross, lemuel_round_altar

Skill      XL: |  1  2 |
---------------+-------+-----
Stealth        | 1 |  1.0
Fighting       | |  2.4
Bows           | |  5.7
Dodging        | |  1.8

Action                   || total
-------------------------++-------
Melee: Short sword       ||    97
       Kick              ||    13
 Fire: Shortbow          ||     2
  Eat: Chunk             ||     1
Armor: Leather armour    ||    52
Dodge: Dodged            ||    63

Table legend:
 A = Non-vault XP
 B = Vault XP
 C = Vault XP percentage of total XP
 D = Non-vault monster count
 E = Vault monster count
 F = Vault count percentage of total count
                 A         B        C        D         E       F
            +---------+---------+-------+---------+---------+-------
      Total |      51 |       0 |   0.0 |      29 |       0 |   0.0
            +---------+---------+-------+---------+---------+-------
        D:1 |      51 |       0 |   0.0 |      29 |       0 |   0.0
            +---------+---------+-------+---------+---------+-------
